AoeStats
← Valerian

Golden Pit

509708521Analyzed
1v1 RM · 5d ago on Sep 27, 2026· 27m 7s· 2 players
Game mode
Random Map
Map size
Tiny (2 player)
Population
200
Speed
Normal
Resources
Standard
Victory
Conquest
Starting age
Dark Age
Ending age
Imperial Age
RankedLock teamsTeams togetherTeam positionsShared explorationLock speedFull tech treeHidden civsTurbo modeCheats
Victory
Defeat
🇩🇰 Mongols · Denmark
1160
+17
🇦🇷 Bengalis · Argentina
1173
-17
Valerian
7:26 Loom
9:54 Feudal Age
10:43 Double-Bit Axe
17:28 Forging
22:28 Castle Age
21:28 Fletching
21:44 Scale Barding Armor
23:18 Bloodlines
26:10 Iron Casting
Shaylun
7:31 Loom
11:15 Feudal Age
18:48 Castle Age
26:24 Padded Archer Armor
27:09 Forging
Connection lost

Rejoining the realm…

Still unreachable

The connection could not be restored.

Session expired

The server has moved on; the page needs a fresh start.